 Dungeon Crawl Stone Soup version 0.22.1-1-ga44c0e56f4 (webtiles) character file.

242 Gargoyl the Skirmisher (level 5, -1/69 HPs)
             Began as a Centaur Abyssal Knight on Oct 8, 2018.
             Was a Follower of Lugonu.
             Succumbed to Crazy Yiuf's poison
             ... on level 2 of the Dungeon.
             The game lasted 00:04:20 (2861 turns).

Gargoyl the Skirmisher (Centaur Abyssal Knight)     Turns: 2861, Time: 00:04:20

Health: -1/69      AC: 22    Str: 15    XL:     5   Next: 82%
Magic:  7/7        EV:  1    Int: 11    God:    Lugonu [*.....]
Gold:   120        SH:  0    Dex:  9    Spells: 4/4 levels left

rFire    . . .     SeeInvis .   a - +1 hand axe
rCold    . . .     Gourm    .   (no shield)
rNeg     + + +     Faith    .   (armour currently unavailable)
rPois    +         Spirit   .   (helmet currently unavailable)
rElec    .         Reflect  .   (cloak currently unavailable)
rCorr    .         Harm     .   (gloves currently unavailable)
MR       +....     NoTele   +   (no barding)
Stlth    +.........             (no amulet)
HPRegen  0.21/turn              e - ring of protection from magic
MPRegen  0.10/turn              (no ring)

@: lethally poisoned (-1 -> -21), tree-form, drained
A: large, subdued magic 1
a: Depart the Abyss, Renounce Religion


You were on level 2 of the Dungeon.
You worshipped Lugonu.
Lugonu was aware of your devotion.
You were not hungry.
You were a tree.
You visited 1 branch of the dungeon, and saw 3 of its levels.
You visited the Abyss 1 time.

You collected 120 gold pieces.

Inventory:

Hand Weapons
 a - a +1 hand axe (weapon)
Armour
 b - a +2 leather armour (melded)
 g - a scarf of resistance (melded)
Jewellery
 e - a ring of protection from magic (left branch)
Wands
 n - a wand of flame (19)
Scrolls
 f - 4 scrolls of remove curse
 l - 2 scrolls of identify
Potions
 d - 3 potions of curing {unknown}
 i - a potion of mutation {unknown}
 j - a potion of brilliance
 k - a potion of cancellation {unknown}
 m - a potion of lignification
 o - a potion of might {unknown}
Comestibles
 c - 4 rations


   Skills:
 + Level 3.9(3.7) Fighting
 + Level 3.8(3.5) Axes
 * Level 2.0(1.8) Armour
 + Level 1.5(1.3) Dodging
 * Level 3.1(2.9) Invocations


You had 4 spell levels left.
You didn't know any spells.
Your spell library was empty.

Dungeon Overview and Level Annotations

Branches:
Dungeon (3/15)

Altars:
Fedhas
Gozag
The Shining One

Annotations:
D:2 Crazy Yiuf


Innate Abilities, Weirdness & Mutations

((You have hooves in place of feet.))
((Armour fits poorly on your strangely shaped body.))
((You cover ground very quickly.))
((You have extremely tough skin. (AC +3)))
Your spells are a little easier to cast, but a little less powerful.


Message History

Crazy Yiuf hits you with a quarterstaff of chaos.
You hit Crazy Yiuf but do no damage. Your kick misses Crazy Yiuf.
Crazy Yiuf is severely wounded.
You feel sick.
Crazy Yiuf hits you with a quarterstaff of chaos!
* * * LOW HITPOINT WARNING * * *
You are more poisoned.
You hit Crazy Yiuf but do no damage.
Crazy Yiuf is severely wounded.
* * * LOW HITPOINT WARNING * * *
You feel sick.
Crazy Yiuf hits you with a quarterstaff of chaos.
* * * LOW HITPOINT WARNING * * *
Crazy Yiuf freezes you.
* * * LOW HITPOINT WARNING * * *
It was a potion of lignification.
You turn into a tree.
Your scarf of resistance melds into your body.
Your +2 leather armour melds into your body.
You feel hot and cold all over.
Your roots penetrate the ground.
You die...

##.######
#........
##.###### ##...##
##>....####
#..........
####♣♣ ####
##.....###.
##..#.♣♣ ♣♣#..)#
#..>..## #.
#......♣♣♣♣.♣g..#
#.##### #.
#.......♣..♣#...#
#.# ##
#.#.#..♣.♣♣♣ ####
#.# #.###♣♣♣♣♣
#.# #.# #.# #.#
##### ###.# #.#
##.#.## ##...##
#.#
##.###.###.....##
#.#####.##
##.........#


You could see Crazy Yiuf.

Vanquished Creatures
  Sigmund (D:2)
  An adder (D:2)
  3 oozes (D:1)
  A worm (D:2)
  2 dart slugs (D:2)
  4 leopard geckos
  An orc (D:3)
  A ball python (D:1)
  6 bats
  2 giant cockroaches (D:1)
  8 goblins
  A hobgoblin (D:2)
  4 jackals (D:1)
  A frilled lizard (D:1)
  5 kobolds
  6 rats
47 creatures vanquished.

Notes
Turn   | Place    | Note
-------+----------+-------------------------------------------
     0 | Abyss:1  | Gargoyl the Centaur Abyssal Knight began the quest for the
                  | Orb.
     0 | Abyss:1  | Reached XP level 1. HP: 19/19 MP: 2/2
    99 | Abyss:2  | Noticed a neqoxec
   106 | Abyss:2  | Noticed a neqoxec
   116 | Abyss:2  | Noticed an iron imp
   122 | Abyss:2  | Gained mutation: Your spells are a little easier to cast,
                  | but a little less powerful. [a neqoxec]
   125 | Abyss:3  | Found a corrupted altar of Lugonu.
   128 | Abyss:3  | Noticed a thrashing horror
   155 | Abyss:3  | Got an opalescent robe
   158 | Abyss:3  | Noticed an Executioner
   159 | D:1      | Escaped the Abyss
   170 | D:1      | Identified the cursed +1 robe of the Armadillo {Int+6} (You
                  | found it on level 3 of the Abyss)
   254 | D:1      | Reached * piety under Lugonu
   318 | D:1      | Reached XP level 2. HP: 23/26 MP: 3/3
   879 | D:1      | Reached XP level 3. HP: 31/31 MP: 4/4
  1488 | D:2      | Found a blossoming altar of Fedhas.
  1742 | D:2      | Noticed Sigmund
  1755 | D:2      | Killed Sigmund
  1755 | D:2      | Reached ** piety under Lugonu
  1755 | D:2      | Reached skill level 1 in Dodging
  1755 | D:2      | Reached XP level 4. HP: 8/40 MP: 4/6
  1755 | D:2      | Reached XP level 5. HP: 9/46 MP: 4/7
  2202 | D:2      | Found a glowing golden altar of the Shining One.
  2324 | D:2      | Found an opulent altar of Gozag.
  2511 | D:2      | Found a runed door.
  2849 | D:2      | Noticed Crazy Yiuf
  2860 | D:2      | HP: 2/46 [Crazy Yiuf/quarterstaff of chaos (5)]
  2861 | D:2      | Succumbed to Crazy Yiuf's poison

Skill      XL: |  1  2  3 |
---------------+----------+-----
Axes           | 2 3 |  3.8
Armour         | 2 |  2.0
Dodging        | 1 |  1.5
Invocations    | 3 |  3.1
Fighting       | |  3.9

Action                   |  1- 3 |  4- 6 || total
-------------------------+-------+-------++-------
Melee: Hand axe          |   122 |    43 ||   165
       Kick              |    20 |     7 ||    27
Invok: Depart the Abyss  |     1 |       ||     1
  Use: Scroll            |     6 |       ||     6
       Potion            |       |     2 ||     2
  Eat: Chunk             |     2 |     1 ||     3
       Ration            |       |     1 ||     1
Armor: Robe              |    63 |       ||    63
       Leather armour    |     7 |    14 ||    21
Dodge: Dodged            |    83 |    21 ||   104
